 Dungeon Crawl Stone Soup version 0.25-a0-632-g7713895373 (webtiles) character file.

Game seed: 3989223470161271115, levelgen mode: classic

34 EnegeticOcto the Skirmisher (level 3, -5/26 HPs)
             Began as an Octopode Fighter on Mar 19, 2020.
             Killed from afar by an orc wizard (12 damage)
             ... with a puff of flame
             ... on level 2 of the Dungeon.
             The game lasted 00:00:33 (1101 turns).

EnegeticOcto the Skirmisher (Octopode Fighter)      Turns: 1101, Time: 00:00:34

Health: -5/26      AC:  1    Str: 15    XL:     3   Next: 31%
Magic:  3/3        EV: 12    Int: 10    God:
Gold:   63         SH:  8    Dex: 12    Spells: 2/2 levels left

rFire    . . .     SeeInvis .   a - +0 war axe
rCold    . . .     Gourm    .   b - +0 kite shield
rNeg     . . .     Faith    .   (helmet restricted)
rPois    .         Spirit   .   (no amulet)
rElec    .         Reflect  .   (no ring)
rCorr    .         Harm     .   (no ring)
MR       .....                  (no ring)
Stlth    ++........             (no ring)
HPRegen  0.08/turn              (no ring)
MPRegen  0.08/turn              (no ring)
                                (no ring)
                                (no ring)

@: no status effects
A: almost no armour, stealthy swim, amphibious, 8 rings, constrict 8, camouflage
1, gelatinous body 1
a: no special abilities


You were on level 2 of the Dungeon.
You were not hungry.

You visited 1 branch of the dungeon, and saw 2 of its levels.

You collected 63 gold pieces.

Inventory:

Hand Weapons
 a - a +0 war axe (weapon)
Armour
 b - a +0 kite shield (worn)
Scrolls
 d - a scroll of enchant armour {unknown}
 g - a scroll of remove curse {unknown}
Potions
 f - a potion of curing {unknown}
 k - a potion of might {@q3}
Comestibles
 c - 5 chunks of flesh
 e - a ration


   Skills:
 + Level 3.2 Fighting
 * Level 2.7 Axes
 + Level 3.2 Dodging
 + Level 3.2 Shields


You had 2 spell levels left.
You didn't know any spells.
Your spell library was empty.

Dungeon Overview and Level Annotations

Branches:
Dungeon (2/15)

Altars:


Innate Abilities, Weirdness & Mutations

You cannot wear most types of armour.
You are very stealthy in the water. (Stealth+)
You are amphibious.
You can wear up to eight rings at the same time.
You can use your tentacles to constrict eight enemies at once.
Your skin changes colour to match your surroundings (Stealth+).
Your rubbery body absorbs attacks. (AC +1, EV +1)


Message History

There are monsters nearby!
You block the bat's attack. The bat closely misses you.
You slash the bat!
You kill the bat!
The hobgoblin shouts!
You see here a bat corpse.
You slash the hobgoblin!
You kill the hobgoblin!
No target in view!
No target in view!
Things that are here:
a +0 club; a hobgoblin corpse You butcher the hobgoblin corpse.
c - 5 chunks of flesh (gained 3)
Things that are here:
a +0 club; a hobgoblin skeleton
Things that are here:
a +0 club; a hobgoblin skeleton You butcher the bat corpse.
c - 6 chunks of flesh (gained 1)
You see here a bat skeleton. x2
You see here a robe.
Found a stone staircase leading up.
A goblin comes into view.
Found a stone staircase leading down.
The helpless goblin fails to defend itself.
You slash the goblin!
You kill the goblin!
Some of the chunks of flesh in your inventory have rotted away.
No target in view!
No target in view!
No target in view!
No target in view!
No target in view!
There is a stone staircase leading down here.
Found 9 stones.
A rat comes into view.
There is a shaft here.
You block the rat's attack.
You slash the rat!
You kill the rat!
No target in view!
No target in view!
No target in view!
No target in view!
No target in view!
No target in view!
You butcher the rat corpse.
c - 6 chunks of flesh (gained 1)
You see here a rat skeleton.
Eating one of 6 chunks of flesh.
You eat one of the 6 chunks of flesh.
This raw flesh tastes terrible.
You see here a rat skeleton.
You now have 63 gold pieces (gained 10).
A goblin comes into view.
The goblin shouts!
You hear an angry hiss.
You hear a shout!
The goblin moves out of view.
Found 9 gold pieces and a scroll labeled CAVOUQI ZEYMAST.
The goblin is too close now for your liking.
You hit the goblin. Your grab misses the goblin.
The goblin is moderately wounded.
An orc wizard comes into view. It is wielding a +0 dagger.
The goblin misses you.
You closely miss the goblin. Your grab misses the goblin.
The goblin is moderately wounded.
You block the goblin's attack.
You miss the goblin. Your grab misses the goblin.
The goblin is moderately wounded.
The goblin hits you.
An adder comes into view.
You block the goblin's attack.
You closely miss the goblin.
The adder hisses angrily.
Your grab misses the goblin. Your squeeze misses the goblin.
The goblin is moderately wounded.
You hit the orc wizard.
You hear a shout!
The orc wizard gestures at you while chanting.
The magic dart hits you! The goblin closely misses you.
The orc wizard hits you with a +0 dagger.
You hear a shout!
You completely miss the orc wizard. Your grab misses the orc wizard.
The orc wizard is moderately wounded.
You slash the goblin!
You kill the goblin!
The orc wizard hits you with a +0 dagger.
You are too injured to fight recklessly!
You are too injured to fight recklessly!
There are monsters nearby!
There are monsters nearby!
You slash the orc wizard! Your grab misses the orc wizard.
The orc wizard is almost dead.
The orc wizard hits you with a +0 dagger.
* * * LOW HITPOINT WARNING * * *
You barely miss the adder. You grab the adder.
Your shield prevents you from hitting the orc wizard.
You constrict the adder.
The orc wizard points at you and mumbles some strange words.
The puff of flame hits you!
You die...

#..# ##.# #.#
################# #.#
...?.....##.....# #.#
.........##.###.######..
.........##..........#..
....$.S†.##..........#..
#.o@..#..........#..
#.##.##...÷...^..### #
#....###(........ ######
##########


You could see an orc wizard and an adder.

Vanquished Creatures
  A worm (D:2)
  A leopard gecko (D:1)
  5 bats
  2 giant cockroaches
  5 goblins
  3 hobgoblins
  A quokka (D:2)
  A ball python (D:1)
  4 frilled lizards
  A kobold (D:2)
  5 rats
29 creatures vanquished.

Notes
Turn   | Place    | Note
-------+----------+-------------------------------------------
     0 | D:1      | EnegeticOcto the Octopode Fighter began the quest for the
                  | Orb.
     0 | D:1      | Reached XP level 1. HP: 16/16 MP: 1/1
   177 | D:1      | Reached XP level 2. HP: 21/21 MP: 2/2
   892 | D:2      | Reached XP level 3. HP: 20/26 MP: 3/3
  1101 | D:2      | Killed from afar by an orc wizard

Levels and vault maps discovered:
D:1:      minmay_arrival_open_corners, layout_basic, kennysheep_boxes
D:2:      layout_basic, lemuel_coloured_pillars_altar,
          lemuel_zombie_altar_kikubaaqudgha

Action                   || total
-------------------------++-------
Melee: War axe           ||    48
       Constrict         ||     7
       Tentacles         ||     3
 Stab: Sleeping          ||    10
       Distracted        ||     1
  Eat: Chunk             ||     1
Armor: Skin              ||     2
Dodge: Dodged            ||    10
Block: Kite shield       ||    17

Table legend:
 A = Non-vault XP
 B = Vault XP
 C = Vault XP percentage of total XP
 D = Non-vault monster count
 E = Vault monster count
 F = Vault count percentage of total count
                 A         B        C        D         E       F
            +---------+---------+-------+---------+---------+-------
      Total |      49 |       0 |   0.0 |      29 |       0 |   0.0
            +---------+---------+-------+---------+---------+-------
        D:1 |      30 |       0 |   0.0 |      19 |       0 |   0.0
        D:2 |      19 |       0 |   0.0 |      10 |       0 |   0.0
            +---------+---------+-------+---------+---------+-------
